Map: Amygdala

Players

JumpyWizard

  • Race: Terran Terran
  • League: Gold
  • Spawn Location: 7:00

GangusKaun - Winner!

  • Race: Protoss Protoss
  • League: Gold
  • Spawn Location: 1:00

VOD

Have the link to the VOD?

Description

Time

  • Played on: Jan. 7, 2025, 3:35 a.m.
  • Length: 6:22
Show
View Real Time Build Order
Export as new Build Order

JumpyWizard Terran 

Build Orders:  

Get SALT Encoding   

  12  0:03  SCV  
  13  0:15  SCV  
  14  0:23  Supply Depot  
  14  0:30  Refinery  
  14  0:31  SCV  
  15  0:45  SCV  
  16  0:50  Barracks  
  16  1:00  SCV  
  16  1:04  Refinery  
  17  1:12  SCV  
  18  1:25  SCV  
  19  1:37  SCV, Barracks Tech Lab  
  19  1:38  Supply Depot  
  20  1:49  Orbital Command  
  20  2:01  Ghost Academy  
  20  2:32  Barracks, Ghost  
  23  2:48  Refinery  
  23  2:50  Refinery  
  23  2:59  Personal Cloaking  
  23  3:01  Ghost  
  26  3:26  Supply Depot  
  26  3:28  SCV  
  27  3:39  Bunker  
  27  3:40  SCV  
  25  3:50  Supply Depot  
  25  3:52  SCV  
  26  4:10  Command Center  
  26  4:22  Factory  
  26  4:26  SCV  
  27  4:38  SCV  
  28  4:50  SCV  
  29  4:57  Barracks Tech Lab  
  29  5:02  SCV  
  30  5:11  Factory Reactor  
  30  5:14  SCV  
  31  5:26  SCV  
  32  5:38  SCV  
Show
View Real Time Build Order
Export as new Build Order

GangusKaun Protoss - Winner!

Build Orders: 1 Gate Expand, Dark Templar Rush 

Get SALT Encoding   

  12  0:11  Pylon  
  12  0:13  Probe  
  13  0:25  Probe  
  14  0:31  Gateway  
  14  0:37  Probe  
  15  0:48  Assimilator  
  15  0:49  Probe  
  16  0:59  Probe  
  17  1:07  Probe  
  18  1:16  Probe  
  18  1:19  Cybernetics Core  
  19  1:28  Probe  
  20  1:36  Nexus  
  20  1:44  Pylon  
  20  1:50  Adept  
  20  1:52  Assimilator  
  22  2:04  Warp Gate  
  22  2:07  Probe  
  23  2:10  Shield Battery  
  23  2:14  Adept  
  23  2:19  Probe  
  26  2:33  Probe  
  27  2:39  Twilight Council  
  27  2:43  Adept  
  27  2:51  Probe  
  30  3:01  Robotics Facility  
  30  3:09  Gateway  
  30  3:10  Probe  
  30  3:12  Assimilator  
  31  3:13  Probe  
  32  3:22  Probe  
  33  3:46  Probe x2  
  33  3:57  Dark Shrine  
  33  3:58  Forge  
  33  3:59  Probe  
  32  4:07  Warp Prism  
  32  4:09  Gateway  
  34  4:12  Pylon  
  34  4:26  Probe x2  
  36  4:32  Stalker  
  36  4:36  Shield Battery  
  38  4:42  Photon Cannon  
  38  4:53  Stalker  
  40  5:03  Probe  
  41  5:14  Dark Templar x2  
  41  5:15  Probe  
  41  5:16  Dark Templar  
  48  5:53  Probe x2, Photon Cannon  
  48  5:55  Photon Cannon  
  50  5:59  Pylon  
Tags
 
Add a new tag
Caveats
  • Supply blocks, unpowered buildings, or Contaminate may cause inaccurate times.
  • Supply counts are checked every 10 seconds.